 Dungeon Sprint DCSS version 0.30.1-11-g7821555f0a (webtiles) character file.

Game seed: 2076676027631400577

9 Groucho the Digger (level 2, -2/15 HPs)
             Began as a Gargoyle Earth Elementalist on Jan 7, 2024.
             Was a Believer of Sif Muna.
             Slain by Pargi (8 damage)
             ... in the Dungeon (Sprint VII: "The Pits").
             The game lasted 00:02:48 (1047 turns).

Groucho the Digger (Gargoyle Earth Elementalist)    Turns: 1047, Time: 00:02:49

Health: -2/15      AC:  4    Str: 11    XL:     2   Next: 16%
Magic:  4/5        EV: 11    Int: 15    God:    Sif Muna [**....]
Gold:   0          SH:  0    Dex: 10    Spells: 5/6 levels left

rFire   . . .        h - +2 dagger (venom)
rCold   . . .        (no shield)
rNeg    + . .        a - +0 robe
rPois   ∞            (no helmet)
rElec   +            (no cloak)
rCorr   .            (no gloves)
SInv    .            (no boots)
Will    .....        (no amulet)
Stlth   ++           (no ring)
HPRegen 0.22/turn    (no ring)
MPRegen 0.09/turn

%: no teleportation
@: invisible
A: sickness immunity, AC +2, negative energy resistance 1, electricity
resistance, torment resistance 1, petrification resistance
a: Renounce Religion, Channel Magic


You were in the Dungeon.
You worshipped Sif Muna.
Sif Muna was pleased with you.
You visited 1 branch

Inventory:

Hand Weapons
 h - a +2 dagger of venom (weapon)
 i - a +2 mace
Armour
 a - a +0 robe (worn)
Scrolls
 k - 5 scrolls of amnesia
 l - a scroll of summoning
Potions
 b - 5 potions of magic
 f - 3 potions of berserk rage
 j - a potion of invisibility


   Skills:
 - Level 1.5 Dodging
 - Level 2.1 Stealth
 + Level 2.6 Spellcasting
 + Level 1.7 Conjurations
 + Level 1.6 Transmutations
 + Level 4.3 Earth Magic
 + Level 1.3 Invocations


You had 5 spell levels left.
You knew the following spells:

 Your Spells              Type           Power      Damage    Failure   Level
a - Sandblast             Erth           30%        2d9       3%          1

Your spell library contained the following spells:

 Spells                   Type           Power      Damage    Failure   Level
 Passwall                 Tmut/Erth      8%         N/A       10%         2
 Stone Arrow              Conj/Erth      22%        3d8       19%         3
 Petrify                  Tmut/Erth      10%        N/A       52%         4


Dungeon Overview and Level Annotations

Branches:
Dungeon (1/1)

Altars:
Ashenzari
Cheibriados
Dithmenos
Elyvilon
Fedhas
Gozag
Hepliaklqana
Kikubaaqudgha
Makhleb
Nemelex Xobeh
Okawaru
Qazlal
Ru
Sif Muna
Trog
Uskayaw
Vehumet
Wu Jian
Xom
Yredelemnul
Zin
The Shining One
Jiyva
Lugonu

Annotations:
D Pargi


Innate Abilities, Weirdness & Mutations

You are immune to sickness and miasma.
Your stone body is resilient. (AC +2)
You are immune to poison.
You resist negative energy. (rN+)
You are resistant to electric shocks. (rElec)
You are resistant to unholy torment.
You are immune to petrification.


Message History

Casting: Sandblast (safe; 3% risk of failure)
Confirm with . or Enter, or press ? or * to list all spells.
Aiming: Sandblast (safe; 3% risk of failure)
Press: ? - help, Shift-Dir - straight line, f/p - Pargi
Aim: Pargi (lightly wounded, 77% to hit)
The blast of sand hits Pargi.
Pargi is moderately wounded.
Pargi bites you.
* * * LOW HITPOINT WARNING * * *
Pargi closely misses you. Pargi claws you but does no damage.
Blink to where?
Press: ? - help, Dir - move target, p - Pargi
As you read the scroll of blinking, it crumbles to dust.
You feel less invigorated.
Things that are here:
a jackal skeleton; a jackal skeleton
There is an open door here.
Casting: Sandblast (safe; 3% risk of failure)
Confirm with . or Enter, or press ? or * to list all spells.
Aiming: Sandblast (safe; 3% risk of failure)
Press: ? - help, Shift-Dir - straight line, f - Pargi
Aim: Pargi (77% to hit)
The blast of sand hits Pargi!
Pargi is moderately wounded.
Pargi misses you. Pargi claws you but does no damage. Pargi closely misses you.
You fade into invisibility!
Pargi clenches his teeth.
Pargi closely misses you. Pargi claws you. x2
* * * LOW HITPOINT WARNING * * *
Unknown command.
You feel better. Pargi closely misses you. Pargi claws you.
Pargi barely misses you.
Unknown command.
Unknown command.
You miss Pargi.
Pargi is moderately wounded.
Pargi shouts!
Pargi bites you!
Ouch! That really hurt!
You die...

########## ###########
........ _________.# ......
_________.# #''#
_______...###########''####
##########'##...............
#.?(.')))'.##......#..#.....
##########.##.s.............
#.........T@+...............
+#####'#####......#..#.....
#...T.##...............
#####'#####'#####++####
#.....##.......#
#..T..##.......#
###'####.......# ...
#...<...# ..... #.......#


You could see Pargi (wandering, unable to see you).

Vanquished Creatures
  An endoplasm (D)
  4 jackals (D)
  A quokka (D)
  A ball python (D)
  A giant cockroach zombie (D)
8 creatures vanquished.

Notes
Turn   | Place    | Note
-------+----------+-------------------------------------------
     0 | D        | Groucho the Gargoyle Earth Elementalist began the quest for
                  | the Orb.
     0 | D        | Reached XP level 1. HP: 10/10 MP: 3/3
    11 | D        | Reached skill level 1 in Transmutations
   261 | D        | Found a glowing golden altar of the Shining One.
   261 | D        | Found a glowing silver altar of Zin.
   261 | D        | Found a basalt altar of Yredelemnul.
   261 | D        | Found a shimmering altar of Xom.
   261 | D        | Found an ornate altar of the Wu Jian Council.
   261 | D        | Found a bloodstained altar of Trog.
   261 | D        | Found a shimmering blue altar of Sif Muna.
   261 | D        | Found a sacrificial altar of Ru.
   261 | D        | Found a stormy altar of Qazlal.
   261 | D        | Found an iron altar of Okawaru.
   261 | D        | Found a sparkling altar of Nemelex Xobeh.
   261 | D        | Found a burning altar of Makhleb.
   261 | D        | Found a viscous altar of Jiyva.
   261 | D        | Found a hazy altar of Hepliaklqana.
   261 | D        | Found an opulent altar of Gozag.
   261 | D        | Found a blossoming altar of Fedhas.
   261 | D        | Found a white marble altar of Elyvilon.
   261 | D        | Found a shadowy altar of Dithmenos.
   261 | D        | Found a snail-covered altar of Cheibriados.
   262 | D        | Found a radiant altar of Vehumet.
   262 | D        | Found a corrupted altar of Lugonu.
   263 | D        | Found an ancient bone altar of Kikubaaqudgha.
   263 | D        | Found a hide-covered altar of Uskayaw.
   263 | D        | Found a broken altar of Ashenzari.
   264 | D        | Became a worshipper of Sif Muna the Loreminder
   271 | D        | Noticed a scorpion
   631 | D        | Reached skill level 1 in Conjurations
   819 | D        | Reached skill level 4 in Earth Magic
   819 | D        | Reached * piety under Sif Muna
   823 | D        | Reached skill level 1 in Invocations
   824 | D        | Reached XP level 2. HP: 8/15 MP: 5/5
  1029 | D        | Noticed Pargi
  1030 | D        | Reached ** piety under Sif Muna
  1047 | D        | Slain by Pargi

Illustrated notes

Levels and vault maps discovered:
D:        pitsprint [storerooms_1, entrance_room_1, metal_vault_6, armoury_1,
          mini_pit_1, grid_room_1, main_hall_1, silver_pit, the_coven_3,
          the_vestibule_1, steel_vault_2, golden_pit, hallway_of_sentries,
          crystal_vault_4, iron_vault_5, final_vault]

Skill      XL: |  1 |
---------------+----+-----
Transmutations | 1 |  1.6
Conjurations   | 1 |  1.7
Earth Magic    | 4 |  4.3
Invocations    | 1 |  1.3
Dodging        | |  1.5
Stealth        | |  2.1
Spellcasting   | |  2.6

Action                     || total
---------------------------++-------
  Melee: Dagger            ||     2
   Cast: Sandblast         ||    17
 Invoke: Channel Magic     ||     2
    Use: Potion            ||     4
         Scroll            ||     1
 Armour: Robe              ||     4
  Dodge: Dodged            ||    16
